 Dungeon Crawl Stone Soup version bcrawl-1.40 (webtiles) character file.

Game seed: 4255974623281919428

7152451 zoran the Spry (level 21, -5/253 HPs)
             Began as a High Elf Gladiator on Oct 22, 2023.
             Was a Follower of Uskayaw.
             Slain by a vampire knight
             ... wielding a +0 halberd
              (10 damage)
             ... on level 2 of the Crypt.
             The game lasted 03:23:11 (57113 turns).

zoran the Spry (High Elf Gladiator)                Turns: 57113, Time: 03:23:12

Health: -5/253     AC: 30    Str: 17    XL:     21   Next: 49%
Magic:  35/35      EV:  1    Int: 16    God:    Uskayaw [*.....]
Gold:   518        SH:  7    Dex: 35    Spells: 35/38 levels left

rFire    + . .     GDR:     51% o - +8 demon blade (slice)
rCold    + . .     SeeInvis .   (no shield)
rNeg     + + +     Gourm    .   (armour currently unavailable)
rPois    +         Faith    .   (helmet currently unavailable)
rElec    +         Spirit   .   (cloak currently unavailable)
rCorr    +         Reflect  .   (gloves currently unavailable)
MR       +....     NoTele   +   (boots currently unavailable)
Stlth    +++++++++.             H - amulet of the acrobat
HPRegen  0.52/turn              r - ring of protection from magic
MPRegen  0.24/turn              F - ring of positive energy

@: agile, tree-form, resistant, vulnerable, very slightly contaminated, lightly
drained, invisible (expiring)
A: giant, obsessive focus, MP-powered wands
}: 2/15 runes: barnacled, gossamer
a: Stomp, Renounce Religion


You were on level 2 of the Crypt.
You worshipped Uskayaw.
Uskayaw was pleased with you.
You were not hungry.
You were a tree.
You visited 11 branches of the dungeon, and saw 39 of its levels.
You also visited: Ice Cave.

You collected 3191 gold pieces.
You spent 2673 gold pieces at shops.

Inventory:

Hand Weapons
 h - a +2 dagger of venom
 o - a +8 demon blade of slicing (weapon)
 y - a +0 blowgun
 T - a +1 great sword of flaming
Missiles
 b - 115 needles of confusion
 d - 12 throwing nets {=f}
 t - 1070 poisoned tomahawks
 u - 697 javelins (quivered)
 J - 340 poisoned needles
Armour
 j - a +2 hat of see invisible (melded)
 p - a +0 leather armour of positive energy (melded)
 x - a +2 pair of boots of stealth (melded)
 U - a +2 pair of gloves (melded)
 V - +6 acid dragon scales
 Y - a scarf of repulsion (melded)
Jewellery
 r - a ring of protection from magic (left branch)
 v - an uncursed amulet of guardian spirit
 B - an uncursed ring of poison resistance
 D - an uncursed ring of protection from fire
 E - a +5 ring of evasion
 F - a ring of positive energy (right branch)
 H - an amulet of the acrobat (around neck)
 N - the ring of Equivalence {Ice rElec}
   (You found it on level 9 of the Dungeon)

   [ring of ice]

   It enhances your ice magic.
   It makes you vulnerable to fire.
   It protects you from cold.
   It insulates you from electricity.
 S - the ring of Reaptugh {Ice rPois}
   (You found it on level 2 of the Shoals)

   [ring of ice]

   It enhances your ice magic.
   It makes you vulnerable to fire.
   It protects you from cold.
   It protects you from poison.
 W - an uncursed ring of protection from cold
Wands
 c - a wand of charming (10)
 k - a wand of iceblast (9)
 z - a wand of acid (1)
 C - a wand of flame (24)
 M - a wand of disintegration (14)
Scrolls
 g - a scroll of torment
 m - 17 scrolls of remove curse
 q - 3 scrolls of fog
 s - a scroll of revelation
 w - a scroll of immolation
 L - a scroll of vulnerability
 O - 2 scrolls of enchant armour
Potions
 i - 2 potions of invisibility
 l - 3 potions of mutation
 n - 5 potions of brilliance
 G - 2 potions of might
 I - 2 potions of cancellation
 K - 2 potions of magic
 Q - 2 potions of lignification
 R - a potion of resistance
 X - 2 potions of ambrosia
 Z - 2 potions of heal wounds
Miscellaneous
 f - a fan of gales (2/2)
 A - a sack of spiders
Comestibles
 e - 20 rations {!d}


   Skills:
 + Level 15.5 Fighting
 + Level 15.8(15.7) Short Blades
 - Level 15.0(14.9) Throwing
   Level 0.6(0.5) Armour
 - Level 20.0(19.9) Dodging
 - Level 18.0(17.9) Stealth
 - Level 9.0(8.9) Spellcasting
 - Level 13.9 Invocations


You had 35 spell levels left.
You knew the following spells:

 Your Spells              Type           Power        Failure   Level  Hunger
a - Magic Dart            Conj           #...         11%         1    None
u - Passwall              Tmut/Erth      #.......     16%         2    None

Your spell library contained the following spells:

 Spells                   Type           Power        Failure   Level  Hunger
 Beastly Appendage        Tmut           #.....       11%         1    None
 Flame Tongue             Conj/Fire      #....        11%         1    None
 Sandblast                Erth           #.....       11%         1    None
 Slow                     Hex            #.......     11%         1    None
 Sting                    Conj/Pois      #...         11%         1    None
 Corpse Rot               Necr           N/A          16%         2    None
 Ensorcelled Hibernation  Hex/Ice        #.....       16%         2    None
 Flaming Arrows           Chrm/Fire      #.......     16%         2    None
 Poisonous Vapours        Pois/Air       #.....       16%         2    None
 Searing Ray              Conj           #.......     16%         2    None
 Sticks to Snakes         Tmut           #.......     16%         2    None
 Confuse                  Hex            #.......     30%         3    None
 Conjure Flame            Conj/Fire      #.......     30%         3    None
 Dazzling Orbs            Conj/Hex       #......      30%         3    None
 Ignite Poison            Fire/Tmut/Pois #.......     30%         3    None
 Inner Flame              Hex/Fire       N/A          30%         3    None
 Iskenderun's Mystic Bla  Conj           #.......     30%         3    None
 Mephitic Cloud           Conj/Pois/Air  #.......     30%         3    None
 Recall                   Summ/Tloc      N/A          30%         3    None
 Spider Form              Tmut/Pois      #..          30%         3    None
 Stone Arrow              Conj/Erth      #.....       30%         3    None
 Tukima's Dance           Hex            #.......     30%         3    None
 Cause Fear               Hex            #.........   71%         4    ##.....
 Fulminant Prism          Conj/Hex       #.........   71%         4    ##.....
 Ice Form                 Ice/Tmut       #.......     71%         4    ##.....
 Olgreb's Toxic Radiance  Pois           #........    71%         4    ##.....
 Petrify                  Tmut/Erth      #.........   71%         4    ##.....
 Sticky Flame             Conj/Fire      #.......     71%         4    ##.....
 Summon Scorpions         Summ/Pois      #.......     71%         4    ##.....
 Tree Form                Hex/Tmut       N/A          71%         4    ##.....
 Blade Hands              Tmut           #.........   96%         5    ####...
 Fireball                 Conj/Fire      #.........   96%         5    ####...
 Freezing Cloud           Ice/Air        #.......     96%         5    ####...
 Irradiate                Conj/Tmut      #.........   96%         5    ####...
 Iskenderun's Battlesphe  Conj/Chrm      #.......     96%         5    ####...
 Lee's Rapid Deconstruct  Erth           #.........   96%         5    ####...
 Piercing Shot            Chrm           #.........   96%         5    ####...
 Steam Barrier            Chrm/Fire      #.........   96%         5    ####...
 Summon Demon             Summ           #.........   96%         5    ####...
 Summon Forest            Summ/Tloc      #.........   96%         5    ####...
 Summon Mana Viper        Hex/Summ       #.......     96%         5    ####...
 Venom Bolt               Conj/Pois      #.........   96%         5    ####...
 Aura of Abjuration       Summ           #.........   100%        6    ######.
 Poison Arrow             Conj/Pois      #.........   100%        6    ######.
 Summon Hydra             Summ           #.........   100%        6    ######.
 Shadow Creatures         Summ           N/A          100%        7    #######
 Time Stop                Chrm/Tloc      N/A          100%        8    #######


Dungeon Overview and Level Annotations

Branches:
Dungeon (12/12)            Temple (1/1) D:7            Lair (6/6) D:7
 Shoals (3/3) Lair:2       Spider (3/3) Lair:4        Slime (5/5) Orc
    Orc (1/1) D:11         Vaults (2/3) D:12         Forest (3/3) Lair:5
  Crypt (2/2) Vaults:2       Tomb (0/3) Crypt:2      Depths (1/5) D:12

Altars:
Ashenzari
Cheibriados
Dithmenos
Elyvilon
Fedhas
Gozag
Hepliaklqana
Kikubaaqudgha
Lugonu
Makhleb
Nemelex Xobeh
Okawaru
Qazlal
Ru
Sif Muna
Trog
Uskayaw
Vehumet
Wu Jian
Xom
Yredelemnul
Zin
The Shining One
Jiyva

Shops:
D:9 %   Orc =}(([   Vaults:1 *   Vaults:2 [

Annotations:
D:11 1 runed translucent door, Vire's ghost, journeyman MiFi
Lair:3 exclusion: 2 oklob plants
Spider:1 exclusion: orange crystal statue
Spider:2 exclusion: orange crystal statue
Slime:5 Royal Jelly
Forest:3 ! caustinc shrike


Innate Abilities, Weirdness & Mutations

You can't train low skills.
You expend magic power (3 MP) to strengthen your wands.


Message History

* * * LOW HITPOINT WARNING * * *
The jiangshi claws you but does no damage. x3
Something hits you.
* * * LOW HITPOINT WARNING * * *
The phantasmal warrior hits you!
* * * LOW HITPOINT WARNING * * *
The phantasmal warrior hits you but does no damage. x2
The vampire knight mumbles some strange words.
The vampire knight seems to speed up.
You hit the phantasmal warrior.
Ssssck.
The phantasmal warrior is moderately damaged.
The jiangshi claws you but does no damage.
The jiangshi claws you!
* * * LOW HITPOINT WARNING * * *
The jiangshi claws you!
* * * LOW HITPOINT WARNING * * *
The jiangshi claws you!
* * * LOW HITPOINT WARNING * * *
Something hits you!
You die...

***,,#.......#..####***,,,,,***
*
*,+,,...........+z##*,+,,,,,+,*
*
***,,#.......#.{####***,,,,,***
* +,+,,.........Z.'.## ***+***
*** ***,,.......z.WV#### *,*
***,, ***,,.......zZzz#### *,*
*,,,,
*8,,,...._...{W{{8##*****,*
*,,,,
+,,,,.....V.zWWVWW+.,,,,,,*
*,,,,
*8,,,.......z{VW♣8#******,*
*,,,, ****8........W8#### *,*
*,,,, *,⌠.##'##.⌠.# *,* *****
**#**⌠,⌠##### ***+***** *
***+*** *,,,,,,,* * ***,,,,,***
*,,,,,,,* * **,,,,,,,,,**
*,,,,,,,* * **,,,,,,,,,,,**
*,,,,,,,* * **,,,,,,,,,,,,,**
*,,,,,,⌠* *


You could see a vampire knight, 6 skeletal warriors, 2 jiangshi, a vampire mage
(inner flame), 6 phantasmal warriors, a freezing wraith, a spectral fire dragon,
a wraith (inner flame) and a merfolk zombie (wandering).

Vanquished Creatures
  Gastronok (D:8)
  5 wendigos
  2 ancient champions (Crypt:1)
  20 acid blobs
  A greenwood witch (Forest:3)
  10 ghouls (Crypt:1)
  2 krakens (Shoals:2)
  4 thorn hunters
  2 apis (Forest:3)
  A frost giant (Vaults:2)
  A fire giant (Vaults:2)
  7 emperor scorpions
  9 azure jellies
  An orc warlord (D:11)
  3 vault wardens
  5 ghost moths
  A curse skull (Crypt:1)
  A spriggan defender (Forest:3)
  6 very ugly things
  2 stone giants
  8 ironheart preservers
  5 jiangshi (Crypt:1)
  3 dire elephants (Vaults:1)
  Nessos (Lair:6)
  An eidolon (Crypt:1)
  3 entropy weavers
  A spark wasp (Spider:1)
  3 deep elf death magi
  2 blizzard demons (IceCv)
  A crystal guardian (Vaults:2)
  A merfolk javelineer (Shoals:3)
  Josephine (D:10)
  5 merfolk impalers
  A death ooze (Slime:3)
  Urug (D:12)
  A fire dragon (Vaults:1)
  10 hydras
  2 yaktaur captains
  A spriggan air mage (Forest:3)
  2 rakshasas
  Erolcha (D:11)
  2 vault guards
  3 shambling mangroves
  Erica (D:9)
  3 anacondas
  4 ogre magi
  2 death knights
  5 great orbs of eyes
  14 death yaks
  A merfolk avatar (Shoals:2)
  10 two-headed ogres
  An alligator snapping turtle (Shoals:1)
  8 satyrs
  4 tengu warriors
  9 sea snakes
  3 vampire magi
  An ancient automaton (Slime:1)
  A deep troll shaman (Crypt:1)
  An orc high priest (Orc)
  An ironheart beastmaster (Vaults:1)
  9 spriggan berserkers
  8 spriggans
  27 centaur warriors
  3 deep elf knights (Vaults:2)
  12 skeletal warriors
  3 hell knights (Vaults:1)
  5 wizards
  4 wolf spider zombies
  A spriggan druid (Forest:3)
  A deep elf archer (Vaults:2)
  A glowing orange brain (shapeshifter) (D:12)
  A golden dragon skeleton (D:12)
  4 phantasmal warriors
  2 unseen horrors
  3 ironheart convokers
  A lindwurm (shapeshifter) (D:12)
  4 cyclopes
  16 harpies
  2 orc sorcerers (Orc)
  3 orc knights
  2 necromancers
  19 wolf spiders
  5 deep elf magi
  2 oklob plants (Forest:3)
  21 ugly things
  13 orb spiders
  2 manticores
  8 shining eyes
  3 moths of wrath
  17 fauns
  9 merfolk sirens
  6 elephants (Lair:5)
  3 torpor snails
  2 vault sentinels (Vaults:1)
  6 will-o'-wisps (Forest:3)
  5 black mambas
  An orange demon (D:7)
  2 ice statues (IceCv)
  10 water nymphs
  A titan simulacrum (Crypt:2)
  A gargoyle (D:12)
  28 jumping spiders
  A sea snake skeleton (Crypt:1)
  8 demonic crawlers
  A yaktaur zombie (D:12)
  5 komodo dragons
  11 freezing wraiths
  A rime drake (Lair:5)
  21 cane toads
  An efreet (D:11)
  15 yaktaurs
  A tengu conjurer (D:12)
  12 ice devils (IceCv)
  2 golden dragon simulacra (IceCv)
  4 spectral deep trolls (Crypt:1)
  An anaconda simulacrum (IceCv)
  A dryad (Forest:1)
  A guardian mummy (D:12)
  A red draconian skeleton (Crypt:1)
  7 trolls
  A harpy zombie (D:7)
  4 wind drakes
  18 merfolk
  3 polar bears
  5 harpy skeletons
  91 slime creatures
  21 hornets
  18 tyrant leeches
  27 blink frogs
  2 bog bodies (Crypt:1)
  5 snapping turtles (Shoals:3)
  6 hippogriffs
  7 dream sheep (Lair:5)
  A deep troll zombie (D:12)
  Prince Ribbit (D:5)
  2 meliai zombies
  A shadow (D:10)
  19 water elementals
  A fire dragon skeleton (D:12)
  17 humans
  25 yaks
  6 wraiths
  2 wyverns
  20 tarantellas
  23 golden eyes
  4 vampires
  3 hogs (D:7)
  35 redbacks
  12 vampire mosquitoes
  2 wargs (Orc)
  A human simulacrum (Vaults:1)
  A swamp worm (Spider:2)
  8 crocodiles
  4 harpy simulacra (IceCv)
  11 water moccasins
  An acid dragon (Lair:3)
  A hydra simulacrum (IceCv)
  A floating eye (Slime:3)
  8 porcupines
  40 orc warriors
  3 black bears
  A hornet zombie (D:11)
  2 ettin simulacra (IceCv)
  4 sky beasts
  4 ice beasts
  A phantom (D:6)
  2 necrophages
  24 ogres
  4 boggarts (Vaults:1)
  7 wolves
  2 kobold brigands
  22 bullfrogs
  8 centaurs
  4 scorpions
  3 wights
  23 orc priests
  2 electric eels (Lair:6)
  5 howler monkeys
  3 crimson imps
  A quasit (D:5)
  2 bullfrog zombies
  2 bullfrog skeletons
  4 hounds
  4 jellies
  Jessica (D:2)
  2 iguanas
  16 orc wizards
  11 worker ants
  An ogre zombie (Crypt:1)
  A deep dwarf zombie (Crypt:1)
  2 hound skeletons
  A howler monkey zombie (D:9)
  A worker ant zombie (D:5)
  17 adders
  6 shadow imps
  An adder zombie (D:7)
  An oni zombie (Crypt:1)
  2 oozes
  4 worms
  4 dart slugs (D:1)
  2 leopard geckos (D:2)
  101 orcs
  8 giant cockroaches
  6 goblins
  8 hobgoblins
  16 jackals
  22 kobolds
  2 quokkas
  4 bats
  4 frilled lizards
  A quokka skeleton (D:5)
  7 rats
  A spectral kobold (D:2)
  A briar patch (Forest:3)
  7 plants
1438 creatures vanquished.

Vanquished Creatures (collateral kills)
  An acid blob (Slime:3)
  The ghost of Valeucs the Fighter, a journeyman OgHu of the Shining One (Lair:3)
  An orc knight (D:11)
  A merfolk (Shoals:2)
  A slime creature (Vaults:1)
  A blink frog (Lair:6)
  An orc (D:11)
7 creatures vanquished.

Vanquished Creatures (others)
  A wendigo (Forest:3)
  An orc warlord (Vaults:1)
  Snorg (Lair:6)
  2 merfolk impalers (Shoals:3)
  2 merfolk javelineers (Shoals:3)
  A merfolk aquamancer (Shoals:3)
  2 satyrs
  7 death yaks (Lair:6)
  A sea snake (Shoals:3)
  A spriggan berserker (Forest:3)
  A kraken simulacrum (Shoals:3)
  2 necromancers (Vaults:1)
  A black mamba (Lair:6)
  A water nymph (Forest:3)
  A cane toad (Lair:6)
  A merfolk (Shoals:3)
  A hippogriff (Shoals:3)
  2 yaks (Lair:6)
  A redback (Spider:2)
  2 wargs (Vaults:1)
  3 orc warriors (Vaults:1)
  2 black bears (Forest:3)
  A bullfrog (Lair:6)
  6 orcs (Vaults:1)
  A quokka skeleton (Crypt:1)
  23 fungi
  90 plants
  15 tentacles
  A withered plant (D:12)
174 creatures vanquished.

Grand Total: 1619 creatures vanquished

Notes
Turn   | Place    | Note
-------+----------+-------------------------------------------
     0 | D:1      | zoran the High Elf Gladiator began the quest for the Orb.
     0 | D:1      | Reached XP level 1. HP: 18/18 MP: 2/2
    85 | D:1      | Reached XP level 2. HP: 24/24 MP: 3/3
   167 | D:1      | Reached skill level 1 in Stealth
   167 | D:1      | Reached skill level 1 in Spellcasting
   631 | D:1      | Reached skill level 1 in Invocations
   631 | D:1      | Reached XP level 3. HP: 29/29 MP: 5/5
   916 | D:2      | Found a hazy altar of Hepliaklqana.
   949 | D:2      | Noticed Jessica
   968 | D:2      | Killed Jessica
   969 | D:2      | Reached XP level 4. HP: 35/35 MP: 6/6
  1066 | D:2      | Found a faded altar of an unknown god.
  1294 | D:2      | Reached skill level 4 in Dodging
  1903 | D:3      | Reached XP level 5. HP: 38/41 MP: 7/7
  2789 | D:4      | Found an iron altar of Okawaru.
  2914 | D:4      | Noticed an ogre
  2916 | D:4      | Noticed an ice beast
  2947 | D:4      | Killed an ogre
  2948 | D:4      | Reached XP level 6. HP: 22/47 MP: 7/9
  3630 | D:5      | Entered Level 5 of the Dungeon
  3630 | D:5      | Noticed a sky beast
  3631 | D:5      | Killed a sky beast
  3650 | D:4      | Reached skill level 5 in Short Blades
  3791 | D:5      | Reached XP level 7. HP: 52/53 MP: 8/10
  3940 | D:5      | Reached skill level 5 in Dodging
  4048 | D:5      | Found an ancient bone altar of Kikubaaqudgha.
  4222 | D:5      | Noticed Prince Ribbit
  4237 | D:5      | Reached skill level 5 in Fighting
  4249 | D:5      | Killed Prince Ribbit
  4254 | D:5      | Reached XP level 8. HP: 28/62 MP: 8/14
  4808 | D:6      | Got a crystal war axe
  4870 | D:6      | Noticed a troll
  4900 | D:6      | Noticed a two-headed ogre
  4928 | D:6      | Killed a two-headed ogre
  4929 | D:6      | Reached skill level 5 in Stealth
  4929 | D:6      | Reached skill level 5 in Spellcasting
  4929 | D:6      | Reached skill level 5 in Invocations
  5121 | D:6      | Reached XP level 9. HP: 56/68 MP: 17/17
  5220 | D:6      | Reached skill level 5 in Throwing
  5236 | D:6      | Killed a troll
  5717 | D:7      | Noticed a hellwing
  5729 | D:7      | Noticed a hellwing
  5734 | D:8      | Noticed a troll
  5743 | D:8      | Killed a troll
  5838 | D:8      | Reached skill level 6 in Dodging
  6395 | D:7      | Found a staircase to the Ecumenical Temple.
  6402 | Temple   | Entered the Ecumenical Temple
  6692 | Temple   | Learned a level 1 spell: Magic Dart
  6693 | Temple   | Became a worshipper of Uskayaw the Reveler
  6716 | D:7      | Reached * piety under Uskayaw
  6907 | D:7      | Noticed a troll
  7095 | D:7      | Reached ** piety under Uskayaw
  7096 | D:7      | Reached XP level 10. HP: 74/76 MP: 18/18
  7328 | D:7      | Reached *** piety under Uskayaw
  7334 | D:7      | Reached **** piety under Uskayaw
  7675 | D:8      | Reached skill level 7 in Dodging
  7901 | D:8      | Noticed Gastronok
  7939 | D:8      | Killed Gastronok
  7940 | D:8      | Reached skill level 8 in Dodging
  7940 | D:8      | Reached XP level 11. HP: 48/85 MP: 13/19
  8760 | D:9      | Found Naesul's Food Shoppe.
  8831 | D:9      | Noticed Erica
  8834 | D:9      | Found a shadowy altar of Dithmenos.
  8857 | D:9      | Noticed a two-headed ogre
  8861 | D:9      | Killed Erica
  8868 | D:9      | Killed a two-headed ogre
  8972 | D:9      | Got a slimy iron ring
  9469 | D:10     | Entered Level 10 of the Dungeon
  9666 | D:10     | Reached skill level 10 in Stealth
  9666 | D:10     | Reached skill level 10 in Invocations
  9670 | D:10     | Found a hide-covered altar of Uskayaw.
  9679 | D:10     | Noticed Josephine
  9917 | D:10     | Noticed a two-headed ogre
  9930 | D:10     | Killed a two-headed ogre
 10042 | D:10     | Noticed an unseen horror
 10075 | D:10     | Killed an unseen horror
 10076 | D:10     | Reached skill level 10 in Fighting
 10229 | D:10     | Killed Josephine
 10656 | D:11     | Reached XP level 12. HP: 97/97 MP: 20/20
 10870 | D:11     | Reached skill level 9 in Dodging
 11040 | D:11     | Found a runed translucent door.
 11070 | D:11     | Found a staircase to the Orcish Mines.
 11755 | D:11     | Noticed Vire's ghost (journeyman MiFi)
 11900 | D:11     | Found a glowing golden altar of the Shining One.
 11951 | D:11     | Reached skill level 10 in Dodging
 12539 | D:7      | Found a glowing silver altar of Zin.
 12545 | D:7      | Found a white marble altar of Elyvilon.
 13032 | D:7      | Found a staircase to the Lair.
 13083 | D:7      | Identified the ring of Equivalence {Ice rElec} (You found
                  | it on level 9 of the Dungeon)
 13113 | Lair:1   | Entered Level 1 of the Lair of Beasts
 13572 | Lair:1   | Noticed a five-headed hydra
 13653 | Lair:1   | Killed a two-headed hydra
 14252 | Lair:2   | Found a staircase to the Shoals.
 14279 | Lair:2   | Noticed an eight-headed hydra
 14299 | Lair:2   | Killed a two-headed hydra
 15029 | Lair:3   | Noticed a six-headed hydra
 15062 | Lair:3   | Killed a one-headed hydra
 15063 | Lair:3   | Reached XP level 13. HP: 40/103 MP: 7/21
 15322 | Lair:3   | Found a runed translucent gate.
 15323 | Lair:3   | Found a runed translucent gate.
 15324 | Lair:3   | Found a runed translucent gate.
 15326 | Lair:3   | Noticed Valeucs's ghost (journeyman OgHu)
 16100 | Lair:4   | Found a hole to the Spider Nest.
 16105 | Lair:4   | Reached skill level 10 in Throwing
 18099 | Lair:5   | Reached skill level 11 in Dodging
 18227 | Lair:5   | Found a staircase to the Spriggan Forest.
 18642 | Lair:6   | Entered Level 6 of the Lair of Beasts
 18837 | Lair:6   | Reached skill level 10 in Short Blades
 18839 | Lair:6   | Reached ***** piety under Uskayaw
 19005 | Lair:6   | Reached XP level 14. HP: 106/113 MP: 24/24
 19535 | Lair:6   | Noticed Snorg
 19546 | Lair:6   | Killed Snorg
 19584 | Lair:6   | Reached skill level 12 in Dodging
 19728 | Lair:6   | Noticed Nessos
 19744 | Lair:6   | Killed Nessos
 20265 | Lair:6   | Got a transparent shortbow
 20576 | Lair:6   | Got a jewelled buckler
 21163 | D:12     | Entered Level 12 of the Dungeon
 21163 | D:12     | Found a gate to the Vaults.
 21163 | D:12     | Noticed Urug
 21191 | D:12     | Found a staircase to the Depths.
 22251 | D:12     | Reached XP level 15. HP: 117/120 MP: 25/25
 23033 | D:12     | Killed Urug
 23034 | D:12     | Reached skill level 15 in Stealth
 23322 | D:12     | Found an ornate altar of the Wu Jian Council.
 23654 | Orc      | Entered the Orcish Mines
 23689 | Orc      | Found a viscous altar of Jiyva.
 23689 | Orc      | Found a staircase to the Slime Pits.
 23824 | Orc      | Found a roughly hewn altar of Beogh.
 23880 | Orc      | Noticed Harold
 23897 | Orc      | Noticed Harold
 23897 | Orc      | Harold changed into Harold the water nymph
 23912 | Orc      | Killed Harold the water nymph
 24063 | Orc      | Noticed Erolcha
 24124 | Orc      | Found a roughly hewn altar of Beogh.
 24127 | Orc      | Found Ivigheych's Jewellery Shop.
 24368 | Orc      | Found Huoxoizu's Gadget Emporium.
 24379 | Orc      | Bought a wand of iceblast (7) for 204 gold pieces
 24379 | Orc      | Bought a wand of scattershot (9) for 510 gold pieces
 24379 | Orc      | Bought a wand of acid (5) for 204 gold pieces
 24379 | Orc      | Bought a sack of spiders for 510 gold pieces
 24379 | Orc      | Bought a wand of acid (9) for 340 gold pieces
 24479 | Orc      | Noticed an orc warlord
 24767 | D:11     | Killed an orc warlord
 24903 | D:11     | Killed Erolcha
 24998 | Orc      | Found a roughly hewn altar of Beogh.
 25060 | Orc      | Found a roughly hewn altar of Beogh.
 25170 | Orc      | Found a roughly hewn altar of Beogh.
 25333 | Orc      | Found Wypsitish's Antique Weapon Boutique.
 25427 | Orc      | Found a roughly hewn altar of Beogh.
 25598 | Orc      | Found a roughly hewn altar of Beogh.
 25598 | Orc      | Found Plog's Antique Armour Shoppe.
 25599 | Orc      | Found Hyakhlaezi's Antique Weapon Emporium.
 25914 | Orc      | Found a roughly hewn altar of Beogh.
 26056 | Orc      | Bought a scorched rapier for 252 gold pieces
 26056 | Orc      | Identified the +4 rapier "Zetzaes" {protect, rF+ MR- Int+3}
                  | (You bought it in a shop in the Orcish Mines)
 26246 | Shoals:1 | Entered Level 1 of the Shoals
 26313 | Shoals:1 | Found a frozen archway.
 26399 | IceCv    | Entered an ice cave
 28296 | Shoals:2 | Got a twitching steel ring
 28407 | Shoals:2 | Reached XP level 16. HP: 116/127 MP: 28/30
 28592 | Shoals:2 | Noticed a kraken
 28607 | Shoals:2 | Killed a kraken
 28613 | Shoals:2 | Noticed a kraken
 28717 | Shoals:3 | Entered Level 3 of the Shoals
 28974 | Shoals:3 | Identified the cursed ring of Reaptugh {Ice rPois} (You
                  | found it on level 2 of the Shoals)
 29629 | Shoals:3 | Found the +9 heavy crossbow "Sniper" {velocity, Acc+∞ SInv}
 29794 | Shoals:3 | Got a bone flail
 29797 | Shoals:3 | Identified the +8 flail of Hell's Wrath {drain, +Fly Dex+2
                  | Stlth+} (You found it on level 3 of the Shoals)
 30314 | Shoals:3 | Got a barnacled rune of Zot
 31417 | Shoals:2 | Noticed a kraken
 31431 | Shoals:2 | Killed a kraken
 31472 | Shoals:2 | Noticed a kraken
 31607 | Lair:3   | Killed Valeucs's ghost
 31917 | Orc      | Bought an iridescent dagger for 196 gold pieces
 31917 | Orc      | Identified the cursed +0 dagger "Laifemn" {pierce, rPois}
                  | (You bought it in a shop in the Orcish Mines)
 32282 | Spider:1 | Entered Level 1 of the Spider Nest
 32936 | Spider:1 | Reached XP level 17. HP: 129/135 MP: 31/31
 34286 | Spider:1 | Reached skill level 13 in Dodging
 36046 | Orc      | Bought a wand of charming (10) for 187 gold pieces
 36462 | Spider:3 | Entered Level 3 of the Spider Nest
 37845 | Spider:3 | Reached skill level 14 in Dodging
 38069 | Spider:3 | Got a gossamer rune of Zot
 38467 | Vaults:1 | Entered Level 1 of the Vaults
 39066 | Vaults:1 | Reached XP level 18. HP: 119/145 MP: 32/32
 39477 | Vaults:1 | Reached skill level 15 in Short Blades
 39860 | Vaults:1 | Reached skill level 15 in Dodging
 39940 | Vaults:1 | Found Eguxoc's Assorted Antiques.
 40666 | Vaults:1 | Reached skill level 15 in Fighting
 40682 | Vaults:1 | Reached ****** piety under Uskayaw
 41082 | Vaults:1 | Reached skill level 16 in Dodging
 41444 | Vaults:2 | Reached skill level 17 in Dodging
 41871 | Vaults:2 | Found a staircase to the Crypt.
 42194 | Vaults:2 | Reached XP level 19. HP: 155/155 MP: 33/33
 42273 | Vaults:2 | HP: 2/155 [white very ugly thing (43)]
 42501 | Vaults:2 | Found Mutreh's Antique Armour Emporium.
 42509 | Vaults:2 | Bought a pair of glowing boots for 270 gold pieces
 42689 | Vaults:2 | Reached skill level 18 in Dodging
 43356 | Depths:1 | Entered Level 1 of the Depths
 43449 | Slime:1  | Entered Level 1 of the Pits of Slime
 44525 | Slime:1  | Reached skill level 19 in Dodging
 48277 | Slime:5  | Entered Level 5 of the Pits of Slime
 48284 | Slime:5  | Reached skill level 20 in Dodging
 48294 | Slime:5  | Reached XP level 20. HP: 153/162 MP: 34/34
 48797 | Slime:5  | Noticed the Royal Jelly
 49025 | Slime:5  | Found a viscous altar of Jiyva.
 49524 | Forest:1 | Entered Level 1 of the Spriggan Forest
 51804 | Forest:3 | Entered Level 3 of the Spriggan Forest
 52419 | Forest:3 | Found a radiant altar of Vehumet.
 53963 | Forest:3 | Reached XP level 21. HP: 108/168 MP: 35/35
 53964 | Forest:3 | Noticed a caustic shrike
 54744 | Crypt:1  | Entered Level 1 of the Crypt
 54852 | Crypt:2  | Entered Level 2 of the Crypt
 55372 | Crypt:1  | Reached skill level 15 in Throwing
 55480 | Crypt:1  | Learned a level 2 spell: Passwall
 57091 | Crypt:2  | Found a basalt altar of Yredelemnul.
 57113 | Crypt:2  | HP: 5/253 [jiangshi (8)]
 57113 | Crypt:2  | Slain by a vampire knight

Skill      XL: |  1  2  3  4  5  6  7  8  9 10 11 12 13 14 15 16 17 18 19 20 21 |
---------------+----------------------------------------------------------------+-----
Stealth        | 1 2 3 5 6 8 10 13 15 17 18 | 18.0
Spellcasting   | 1 3 5 6 9 |  9.0
Invocations    | 1 2 3 5 6 8 10 13 | 13.9
Short Blades   | 4 5 6 8 10 12 14 15 | 15.8
Throwing       | 2 3 4 5 9 10 11 14 15 | 15.0
Dodging        | 4 5 6 8 10 11 12 14 17 20 | 20.0
Fighting       | 5 6 7 10 11 12 13 15 | 15.5
Armour         | |  0.6

Action                   |  1- 3 |  4- 6 |  7- 9 | 10-12 | 13-15 | 16-18 | 19-21 || total
-------------------------+-------+-------+-------+-------+-------+-------+-------++-------
Melee: Rapier            |    51 |       |    78 |    97 |   444 |   133 |       ||   803
       Dagger            |    75 |   173 |   200 |   421 |   565 |   411 |   110 ||  1955
       Falchion          |       |       |       |   382 |   317 |     6 |       ||   705
       Scimitar          |       |       |       |    38 |   427 |   173 |       ||   638
       Demon blade       |       |       |       |       |       |   771 |  1305 ||  2076
 Fire: Blowgun           |       |       |       |       |     8 |   200 |    31 ||   239
Throw: Tomahawk          |       |     6 |    70 |   186 |   367 |   457 |   282 ||  1368
       Javelin           |       |       |       |       |       |    12 |   354 ||   366
Invok: Stomp             |       |       |       |    11 |    29 |    13 |     7 ||    60
       Line Pass         |       |       |       |       |     1 |     1 |     4 ||     6
       Grand Finale      |       |       |       |       |       |     4 |     1 ||     5
 Abil: Lunge             |       |       |       |     5 |    13 |    18 |    18 ||    54
Evoke: Wand              |       |       |       |    12 |    47 |    34 |    11 ||   104
       Sack of spiders   |       |       |       |       |     3 |    12 |    11 ||    26
       Fan of gales      |       |       |       |       |     2 |       |     1 ||     3
  Use: Scroll            |     2 |     5 |     7 |    11 |    25 |    22 |    17 ||    89
       Potion            |       |       |       |     8 |    15 |     6 |    16 ||    45
 Stab: Sleeping          |     4 |     5 |     7 |     8 |    51 |    37 |    25 ||   137
       Distracted        |     1 |       |       |     4 |     7 |     4 |       ||    16
       Paralysed         |       |       |       |     1 |    19 |    32 |    34 ||    86
       Invisible         |       |       |       |     2 |       |       |       ||     2
       Confused          |       |       |       |     2 |     4 |     1 |     1 ||     8
       Held in net/web   |       |       |       |       |       |     5 |       ||     5
  Eat: Chunk             |     3 |    12 |    15 |    39 |    54 |    52 |    26 ||   201
       Ration            |       |       |     2 |     4 |    11 |    12 |    18 ||    47
Armor: Leather armour    |    19 |    21 |    47 |    22 |       |       |    31 ||   140
       Skin              |       |       |       |    23 |       |       |    15 ||    38
       Troll leather arm |       |       |       |    52 |       |       |       ||    52
       Robe              |       |       |       |    21 |       |       |       ||    21
       Acid dragon scale |       |       |       |       |   136 |   297 |   116 ||   549
Dodge: Dodged            |    62 |   111 |   343 |  1017 |  1894 |  2073 |  1484 ||  6984
       Deflected         |       |       |       |       |    11 |    44 |    62 ||   117
Block: Other             |       |       |       |    39 |   118 |   199 |   262 ||   618
